[Event "Latvijas 2022. gada jauniešu čempionāta fināls"]
[Site "Riga, Latvia"]
[Date "2022.06.14"]
[Round "5.7"]
[White "Maklakova, Naomi"]
[Black "Sinicina, Jevgenija"]
[Result "1-0"]
[TimeControl "3600+30"]
[WhiteElo "1488"]
[BlackElo "1231"]

1. d4 Nf6 2. Nf3 d5 3. Bf4 g6 4. e3 Bg7 5. Bd3 O-O 6. Nbd2 c5 7. c3 Nc6 8. Rc1 Bg4 9. h3 Bxf3 10.
Nxf3 Nd7 11. O-O f6 12. e4 e5 13. dxe5 fxe5 14. Bg5 Nf6 15. Bxf6 Bxf6 16. exd5 Qxd5 17. Qe2 Kh8 18. Bc4 Qd6 19.
Rcd1 Qe7 20. Rfe1 Rad8 21. Bd5 Rfe8 22. Qe4 Qc7 23. h4 Rd6 24. h5 Bg7 25. Ng5 Rf6 26. hxg6 h6 27. Nf7+ Rxf7 28.
gxf7 Rf8 29. Bb3 Nd8 30. Bc2 Qxf7 31. Qh7# 1-0

[Event "Latvijas 2022. gada jauniešu čempionāta fināls"]
[Site "Riga, Latvia"]
[Date "2022.06.14"]
[Round "5.8"]
[White "Vasiljeva, Sofja"]
[Black "Plauca, Lelde"]
[Result "1-0"]
[TimeControl "3600+30"]
[WhiteElo "1676"]
[BlackElo "1005"]

1. e4 e5 2. Nf3 Nc6 3. Bb5 Nf6 4. O-O a6 5. Bxc6 dxc6 6. Nxe5 Bd6 7. Nf3 Be7 8. d3 O-O 9. h3 Be6 10.
Be3 b5 11. Nbd2 c5 12. Re1 Re8 13. a4 c6 14. Bf4 Qc8 15. Nf1 Rd8 16. Ng3 Nd7 17. Ng5 Nb6 18. Nxe6 Qxe6 19. Bc7 Nxa4 20.
Bxd8 Rxd8 21. b3 Nc3 22. Qf3 Qc8 23. Nf5 Re8 24. Qg4 g6 25. Nxe7+ 1-0

[Event "Latvijas 2022. gada jauniešu čempionāta fināls"]
[Site "Riga, Latvia"]
[Date "2022.06.14"]
[Round "5.10"]
[White "Zubova, Polina"]
[Black "Jansone, Melanija Luize"]
[Result "0-1"]
[TimeControl "3600+30"]
[WhiteElo "1070"]
[BlackElo "1590"]

1. d4 Nf6 2. c4 g6 3. Nc3 Bg7 4.
e4 d6 5.
Nf3 O-O 6. Be2 Nbd7 7. Be3 e5 8. d5 a5 9. a4 Qe7 10. Qd2 b6 11. Bg5 Nc5 12. O-O Nb3 13. Qc2 Nxa1 14. Rxa1 Qd7 15.
h3 h6 16. Be3 Kh7 17. Nh4 Qe7 18. f4 exf4 19. Bxf4 Nxe4 20. Qxe4 Qxh4 21. Qf3 Bd7 22. Bg3 Qd4+ 23. Kh1 Qd2 24.
Rb1 Bf5 25. Rd1 Qxb2 26. Nb5 Rae8 27. Bf1 Re7 28. Bh4 Re4 29. Bg3 Be5 30. Bf2 Rf4 0-1

[Event "Latvijas 2022. gada jauniešu čempionāta fināls"]
[Site "Riga, Latvia"]
[Date "2022.06.14"]
[Round "5.11"]
[White "Kuznecova, Marija"]
[Black "Pukite, Elza"]
[Result "1-0"]
[TimeControl "3600+30"]
[WhiteElo "1783"]
[BlackElo "1114"]

1. e4 e5 2. Nf3 Nc6 3. d4 exd4 4. Nxd4 Nf6 5. Nxc6 bxc6 6. e5 Qe7 7. Qe2 Nd5 8. c4 Ba6 9. Nd2 g6 10.
Ne4 Qxe5 11. Nf6+ Nxf6 12. Qxe5+ Be7 13. Be2 d6 14. Qa5 Bc8 15. Qxc7 Bd7 16. Bh6 Ne4 17. Bf3 Nc5 18. Bxc6 Rd8 19.
O-O-O Rg8 20. Be3 Na6 21. Bxd7+ Rxd7 22. Qc8+ Rd8 23. Qxa6 f5 24. Qc6+ Kf8 25. Bh6+ Kf7 26. Qd5+ Kf6 27.
Rhe1 1-0

[Event "Latvijas 2022. gada jauniešu čempionāta fināls"]
[Site "Riga, Latvia"]
[Date "2022.06.14"]
[Round "5.17"]
[White "Derbenev, Arseniy"]
[Black "Gaidis, Edvards"]
[Result "1/2-1/2"]
[TimeControl "3600+30"]
[WhiteElo "1477"]
[BlackElo "1190"]

1. e4 c6 2. d4 d5 3. f3 dxe4 4.
fxe4 e5 5. Nf3 Bg4 6. d5 cxd5 7. Qxd5 Qxd5 8. exd5 Bxf3 9. gxf3 Nd7 10. Bh3 Ngf6 11. c4 Bc5 12. Bd2 Nb6 13. b3 O-O 14.
Nc3 Bd4 15. O-O-O Nbd7 16. Kc2 a6 17. a4 Rac8 18. Bg5 Rc7 19.
Bxd7 Nxd7 20. d6 Rc6 21. Nd5 Kh8 22. Be7 Rfc8 23. Nb4 Rc5 24. Nd3 R5c6 1/2-1/2

[Event "Latvijas 2022. gada jauniešu čempionāta fināls"]
[Site "Riga, Latvia"]
[Date "2022.06.14"]
[Round "5.18"]
[White "Nazarovs, Daniils"]
[Black "Steiners, Emils"]
[Result "0-1"]
[TimeControl "3600+30"]
[WhiteElo "1245"]
[BlackElo "1601"]

1. e4 c5 2. Nf3 e6 3. d4 cxd4 4. Nxd4 Nc6 5. Be3 Qc7 6. a3 a6 7. Be2 Nf6 8. Nc3 Be7 9. Qd2 O-O 10. g4 d6 11. f3 Rd8 12.
g5 Ne8 13. f4 Nxd4 14. Bxd4 b5 15. f5 d5 16. f6 Bd6 17. Qe3 Bf4 18. Qf2 Rb8 19. exd5 exd5 20. Bd3 g6 21. Qh4 b4 22.
Ne2 Bd6 23. Qf2 bxa3 24. bxa3 Bxa3 25. h4 Bg4 26. Qg2 Bb4+ 27. Kf1 Bxe2+ 28. Qxe2 Qf4+ 29. Bf2 Nd6 30. Kg2 Re8 31. Qd1 Ne4 32.
Bxe4 Qxe4+ 33. Kg1 Bc3 34. Rxa6 Rb2 35. Rh3 Qc4 36. Re3 Reb8 37. Ra1 Bd4 38. Re2 Bxf2+ 39. Rxf2 h5 40. Rd2 Qxh4 41.
Rxd5 Qg3+ 42. Kf1 R2b4 43. c4 Rxc4 44. Rd4 Qh3+ 45. Ke2 Rb2+ 46. Rd2 Re4+ 47. Kf2 Qe3+ 0-1

[Event "Latvijas 2022. gada jauniešu čempionāta fināls"]
[Site "Riga, Latvia"]
[Date "2022.06.14"]
[Round "5.19"]
[White "Varpins, Kristians"]
[Black "Savicevs, Arsenijs"]
[Result "0-1"]
[TimeControl "3600+30"]
[WhiteElo "1374"]
[BlackElo "1961"]

1. e4 c5 2. Nf3 e6 3. d4 cxd4 4. Nxd4 Nf6 5. Nc3 Nc6 6. Ndb5 Bb4 7. a3 Bxc3+ 8. Nxc3 d5 9. exd5 exd5 10.
Bd3 O-O 11. O-O d4 12. Ne2 Re8 13. Bg5 h6 14. Bh4 Qd6 15. Bg3 Qc5 16. Qd2 Ne4 17. Qc1 Bf5 18. Bf4 Nf6 19. Bxf5 Qxf5 20.
Ng3 Qc5 21. Qd1 Nd5 22. Bd2 Ne5 23. Ne2 Qc4 24. b3 Nf3+ 25. gxf3 Qxe2 26. Qxe2 Rxe2 27. Rfd1 Rc8 28. Kf1 Re5 29.
Ra2 Rh5 30. Kg2 Rc6 31. Re1 Rg6+ 32. Kh1 Rf5 33. f4 Nxf4 34. Bxf4 Rxf4 35. Re2 Re6 36. Rxe6 fxe6 37. Kg2 e5 38.
c3 Kf7 39. cxd4 exd4 40. Rd2 Ke6 41. f3 g5 42. a4 a5 43. Kg3 Kd5 44. Rd3 Rf7 45. h4 gxh4+ 46. Kxh4 Re7 47. Kg3 Re3 48.
Rxe3 0-1

[Event "Latvijas 2022. gada jauniešu čempionāta fināls"]
[Site "Riga, Latvia"]
[Date "2022.06.14"]
[Round "5.20"]
[White "Freibergs, Filips"]
[Black "Karasevics, Aleksandrs"]
[Result "1/2-1/2"]
[TimeControl "3600+30"]
[WhiteElo "1250"]
[BlackElo "1427"]

1. d4 Nf6 2. Nf3 g6 3. e3 Bg7 4. Nbd2 O-O 5. Be2 d6 6. b3 c5 7. Bb2 cxd4 8. exd4 Nd5 9. O-O Nf4 10.
Re1 Nxe2+ 11. Qxe2 Nc6 12. Nc4 Bg4 13. c3 Kh8 14. h3 Bxf3 15. Qxf3 Qc7 16. g3 Rad8 17. Kg2 e5 18. h4 e4 19. Qf4 f5 20. h5 Qe7 21.
hxg6 hxg6 22. Ba3 g5 23. Qe3 Bh6 24. Rh1 Kg7 25. d5 Ne5 26. Qd4 Rfe8 27. Ne3 Qf6 28. g4 fxg4 29. Qxe4 Qf3+ 30.
Qxf3 gxf3+ 31. Kg3 Kg6 32. Bxd6 Bg7 33. Bc5 b6 34. Bd4 Rf8 35. Rad1 Rd7 36. Ng4 Rxd5 37. Bxe5 Bxe5+ 38.
Nxe5+ Rxe5 39. Rd6+ Kf5 40. Kxf3 g4+ 41. Kg3 Kg5 42. c4 Rf3+ 43. Kg2 Re2 44. Rd5+ 1/2-1/2

[Event "Latvijas 2022. gada jauniešu čempionāta fināls"]
[Site "Riga, Latvia"]
[Date "2022.06.14"]
[Round "5.21"]
[White "Otrohovs, Maksims"]
[Black "Adamovics, Aleksejs"]
[Result "0-1"]
[TimeControl "3600+30"]
[WhiteElo "1098"]
[BlackElo "1922"]

1. Nf3 Nf6 2. g3 g6 3. Bg2 Bg7 4. O-O O-O 5. d4 d6 6. Re1 Nbd7 7. e4 e5 8. Nc3 c6 9. a4 Qc7 10.
b3 a5 11. d5 Rd8 12. Ba3 Nb6 13. h3 h6 14. Nd2 Bd7 15. dxc6 bxc6 16. Nc4 Nxc4 17. bxc4 Be6 18. Qe2 Rab8 19.
Rab1 Nd7 20. Rxb8 Qxb8 21. Rb1 Qc7 22. g4 Kh7 23. Nd1 Nb6 24. Ne3 Nxa4 25. Qd2 Nc5 26. h4 Bf8 27. h5 Be7 28.
hxg6+ fxg6 29. Bf3 Bg5 30. Rd1 Qf7 31. Kg2 Rf8 32. Qe2 Qc7 33. Rh1 Bg8 34. Bc1 Ne6 35. Bd2 Nf4+ 0-1

[Event "Latvijas 2022. gada jauniešu čempionāta fināls"]
[Site "Riga, Latvia"]
[Date "2022.06.14"]
[Round "5.22"]
[White "Petrovs, Renars"]
[Black "Jonins, Dmitrijs"]
[Result "0-1"]
[TimeControl "3600+30"]
[WhiteElo "1327"]
[BlackElo "1503"]

1. d4 d5 2. Bf4 Nf6 3. e3 c5 4. c3 Nc6 5. dxc5 e5 6. Bg3 Bxc5 7. Nf3 Qe7 8. Bb5 Bd6 9. h3 O-O 10.
O-O a6 11. Ba4 b5 12. Bb3 Be6 13. Bh4 Rad8 14. Qc2 e4 15. Nd4 Nxd4 16. cxd4 Bf5 17. Bxd5 Bb8 18. Bxf6 gxf6 19. Nc3 Qc7 20.
g3 Rxd5 21. Qe2 Rdd8 22. Qh5 Bg6 23. Qh6 Qd7 24. Kg2 Qf5 25. h4 Qg4 26. Rh1 Qf3+ 27. Kg1 Qh5 28. Qxh5 Bxh5 29. g4 Bxg4 30.
Nxe4 Bf3 31. Nxf6+ Kg7 32. Rh3 Kxf6 33. Rxf3+ Ke6 34. Kf1 Rc8 35. Ke2 f5 36. Kd3 Rg8 37. Rh1 h5 38. a4 b4 39.
Rfh3 b3 40. Rd1 Rg2 41. Rd2 Bd6 42. e4 fxe4+ 43. Kxe4 Rc2 44. d5+ Kd7 45. Rdd3 Rg4+ 46. Kf5 Rxf2+ 47. Rdf3 Rxb2 48. Rxb3 Rxb3 49.
Rxb3 Rxh4 50. Rb7+ Bc7 51. Kg5 Rxa4 52. Kxh5 Rd4 53. Kg5 Rxd5+ 54. Kg4 Rd6 55. Rb2 a5 56. Kf3 Re6 57. Rc2 Bd6 58.
Rc4 Bb4 59. Kf2 Kd6 60. Rc8 a4 0-1

[Event "Latvijas 2022. gada jauniešu čempionāta fināls"]
[Site "Riga, Latvia"]
[Date "2022.06.14"]
[Round "5.23"]
[White "Mierins, Emils Janis"]
[Black "Steinbergs, Raivo"]
[Result "1-0"]
[TimeControl "3600+30"]
[WhiteElo "2016"]
[BlackElo "1397"]

1. e4 c5 2. Nf3 Nc6 3. d4 cxd4 4. Nxd4 e5 5. Nb5 d6 6. N1c3 a6 7. Na3 b5 8. Nd5 Nf6 9. Bg5 Be7 10.
Bxf6 Bxf6 11. c4 b4 12. Nc2 a5 13. g3 O-O 14. h4 Rb8 15. b3 Bb7 16. Bh3 Re8 17. O-O Nd4 18. Nce3 h6 19.
Qd3 Bxd5 20. Nxd5 a4 21. Kg2 Kh8 22. bxa4 b3 23. Nc3 b2 24. Rab1 g5 25. h5 Rb4 26. Nd5 Rb8 27. Qd2 Bg7 28.
Rxb2 Rxb2 29. Qxb2 Qa5 30. Bd7 Rf8 31. Qb4 Qa7 32. Bb5 Qb8 33. Qa5 Qc8 34. Ne3 f5 35. exf5 Nxf5 36. Nxf5 Qxf5 37.
Bc6 Qg4 38. Qd5 Qxh5 39. a5 Qe2 40. a4 h5 41. Qe4 Qb2 42. Qg6 Qe2 43. Be4 Kg8 44. Bd5+ Kh8 45. Qxg5 Rf6 46. a6 e4 47.
Qe3 1-0

[Event "Latvijas 2022. gada jauniešu čempionāta fināls"]
[Site "Riga, Latvia"]
[Date "2022.06.14"]
[Round "5.24"]
[White "Krastins, Arturs"]
[Black "Lahs, Einars"]
[Result "0-1"]
[TimeControl "3600+30"]
[WhiteElo "1506"]
[BlackElo "1675"]

1. d4 d5 2. Bf4 Nf6 3. e3 e6 4. Nf3 Bd6 5. Bg3 O-O 6. Nbd2 b6 7. Bd3 Bb7 8. Ne5 c5 9. c3 Qc7 10.
Qb1 Nc6 11. f4 cxd4 12. exd4 h6 13. Qd1 Ne4 14. Nxe4 dxe4 15. Bxe4 Nxe5 16. Bxb7 Qxb7 17. fxe5 Qxg2 18. Rf1 Be7 19.
Qe2 Qxe2+ 20. Kxe2 b5 21. a3 a5 22. Kd3 Rac8 23. a4 b4 24. c4 Rfd8 25. b3 f6 26. Rad1 f5 27. Kc2 g5 28. Kb2 f4 29. Bf2 Kf7 30.
h4 Kg6 31. d5 Bc5 32. d6 Kf5 33. hxg5 hxg5 34. d7 Rc7 35. Bxc5 Rxc5 36. Rh1 Kxe5 37. Rh7 Kf5 38. Rdh1 Rc7 39.
Rf7+ Ke4 40. Rhh7 g4 41. Re7 e5 42. c5 Kd5 43. Rh5 Rcxd7 44. Rhxe5+ Kc6 45. Rxd7 Rxd7 46. Kc2 Rd5 47. Re4 Rxc5+ 48. Kd3 Rf5 49. Rc4+ Kd5 50. Rd4+ Ke6 51. Ke4 Kf6 52. Rd8 Rg5 53. Kxf4 Rg7 54. Rd6+ Ke7 55. Rd3 Ke6 56. Rg3 Kd5 57.
Rd3+ Kc5 58. Kg3 Rg6 59. Rd1 Re6 60. Rc1+ Kb6 61. Kxg4 Re3 62. Rb1 Kc5 63. Kf4 Kd4 64. Rd1+ Rd3 65.
Re1 Rxb3 66. Re8 Ra3 67. Rd8+ Kc3 68. Ke3 Rxa4 69. Rc8+ Kb2 70. Kd2 Ra2 71. Kd1 Kb3 72. Kc1 a4 73.
Kb1 a3 74. Rh8 Rb2+ 75. Ka1 Rc2 76. Rh1 Rd2 77. Rb1+ Kc3 78. Rc1+ Kb3 79. Rb1+ Ka4 80. Rh1 Rd4 81. Kb1 b3 82.
Rg1 a2+ 83. Kb2 Rd2+ 84. Kc3 b2 0-1

[Event "Latvijas 2022. gada jauniešu čempionāta fināls"]
[Site "Riga, Latvia"]
[Date "2022.06.15"]
[Round "6.1"]
[White "Vingris, Mikelis"]
[Black "Harlamovs, Daniils"]
[Result "1-0"]
[TimeControl "3600+30"]
[WhiteElo "1781"]
[BlackElo "1407"]

1. e4 c6 2. d4 d5 3. e5 Bf5 4. Nf3 e6 5. Be2 c5 6. Be3 Nc6 7. Nbd2 cxd4 8. Nxd4 Nge7 9. N2f3 a6 10.
O-O Qc7 11. c3 Nxe5 12. Nxe5 Qxe5 13. Qa4+ Kd8 14. Bf4 Qf6 15. Qa5+ Ke8 16. Bb5+ 1-0

[Event "Latvijas 2022. gada jauniešu čempionāta fināls"]
[Site "Riga, Latvia"]
[Date "2022.06.15"]
[Round "6.2"]
[White "Sokolovskis, Pavels"]
[Black "Freibergs, Andrejs"]
[Result "1-0"]
[TimeControl "3600+30"]
[WhiteElo "1572"]
[BlackElo "1526"]

1. d4 d5 2. Bf4 c5 3. c3 cxd4 4.
cxd4 Nc6 5. e3 Bf5 6. Nc3 Nf6 7. Qb3 Qd7 8. Nf3 e6 9. Bb5 Bd6 10. Ne5 Bxe5 11. Bxe5 O-O 12. O-O Rfc8 13.
Rac1 a6 14. Bxc6 Rxc6 15. Bxf6 gxf6 16. Na4 Rb8 17. Nc5 Qc8 18. Qa3 b6 19. Nb3 Bc2 20. Nd2 a5 21. e4 dxe4 22. Qg3+ Kh8 23.
Qf4 e5 24. dxe5 fxe5 25. Qxe5+ f6 26. Qf4 Rb7 27. Nb3 Rd7 28. h3 a4 29. Nd2 Qc7 30. Qxc7 Rcxc7 31. Nb1 Bxb1 32. Rxb1 Rc2 33.
Rfc1 Rdd2 34. Rxc2 Rxc2 35. a3 Kg7 36. b3 axb3 37. Rxb3 Rc6 38. Kh2 f5 39. Kg3 Kg6 40. Kf4 h6 41.
Rb5 Rf6 42. h4 Rc6 43. Rxf5 e3 44. h5+ Kg7 45. fxe3 Rc3 46. Rb5 Rxa3 47. Rxb6 Ra5 48. g4 Rc5 49. Rg6+ Kh7 50. e4 Rc1 51.
Ke5 Re1 52. Kd5 Rd1+ 53. Ke6 Re1 54. e5 Rd1 55. Ke7 Re1 56. e6 Rd1 57. Kf7 Rf1+ 58. Rf6 1-0

[Event "Latvijas 2022. gada jauniešu čempionāta fināls"]
[Site "Riga, Latvia"]
[Date "2022.06.15"]
[Round "6.3"]
[White "Bogdanovics, Kirills"]
[Black "Sestakovs, Maksims"]
[Result "1-0"]
[TimeControl "3600+30"]
[WhiteElo "1785"]
[BlackElo "1138"]

1. d4 e6 2. c4 b6 3. e4 Bb7 4.
Nc3 c5 5. d5 exd5 6. cxd5 d6 7. f4 g6 8. Nf3 Bg7 9. Bc4 Nd7 10. O-O Ne7 11. Qc2 a6 12. a4 O-O 13. Bd2 f5 14.
Ng5 Qc8 15. Ne6 Bd4+ 16. Kh1 Re8 17. Ne2 fxe4 18. Qxe4 Nf6 19. Qd3 Bxb2 20. Rab1 Bxd5 21. Bxd5 Nexd5 22. Ng5 Qg4 23. Rfe1 Bd4 24.
Nxd4 cxd4 25. Qxd4 Re2 26. Rxe2 Qxe2 27. Re1 Qg4 28. Qc4 Qf5 29. Ne4 Nxe4 30. Rxe4 Kf8 31. g4 Qf7 32. Qc6 Rd8 33.
Rd4 Nf6 34. Rxd6 Rxd6 35. Qxd6+ Qe7 36. Qxb6 Qe4+ 37. Kg1 Nd5 38. Qb8+ Kf7 39. Qe5 Qxe5 40. fxe5 Ke6 41. Kf2 Kxe5 42.
Kf3 Nf6 43. Bc3+ Ke6 44. Bxf6 Kxf6 45. Kf4 g5+ 46. Ke4 Ke6 47. a5 h6 48. h3 Ke7 49. Ke5 Kd7 50. Kf6 Kc6 51. Kg6 Kb5 52.
Kxh6 Kxa5 53. Kxg5 Kb4 54. h4 a5 55. h5 a4 56. h6 a3 57. h7 a2 58. h8=Q Ka3 59. Kf4 Kb3 60. Ke3 Kc2 61.
Qa1 Kb3 62. Kd4 Kc2 63. Qxa2+ Kc1 64. Kd3 Kd1 65. Qb1# 1-0

[Event "Latvijas 2022. gada jauniešu čempionāta fināls"]
[Site "Riga, Latvia"]
[Date "2022.06.15"]
[Round "6.5"]
[White "Andrusevics, Jegors"]
[Black "Kalinin, Oleg"]
[Result "1-0"]
[TimeControl "3600+30"]
[WhiteElo "1569"]
[BlackElo "1164"]

1. d4 Nf6 2. Nf3 d5 3. Bf4 e6 4. e3 c5 5. c3 Nc6 6. Nbd2 Bd6 7. Bg3 O-O 8. Bd3 Qe7 9. Ne5 Nd7 10.
f4 f6 11. Nxd7 Bxd7 12. O-O f5 13. Nf3 a6 14. a4 Be8 15. Bh4 Qd7 16. Ne5 Nxe5 17. fxe5 Be7 18. Bxe7 Qxe7 19. Qf3 c4 20.
Bc2 Qg5 21. Bd1 Bg6 22. g3 b5 23. h4 Qe7 24. Bc2 b4 25. h5 Bf7 26. Rf2 b3 27. Bd1 Qg5 28. Be2 g6 29. Rh2 gxh5 30.
Kf2 Bg6 31. Rah1 Qg4 32. Rh4 Qxf3+ 33. Bxf3 Rab8 34. Bxh5 Bxh5 35. Rxh5 Rf7 36. Kf3 Rg7 37. Rh6 Re8 38. Rf6 Rg6 39.
Rxg6+ hxg6 40. Kf4 Kg7 41. Kg5 Rg8 42.
Rh6 Kf7 43. Rh7+ Rg7 44. Rxg7+ Kxg7 45. a5 Kf7 46. Kh6 g5 47. Kh7 Ke7 48. Kg7 Kd7 49. Kf6 g4 50. Kf7 f4 51. exf4 Kc6 52.
Kxe6 Kb5 53. Kxd5 Kxa5 54. e6 1-0

[Event "Latvijas 2022. gada jauniešu čempionāta fināls"]
[Site "Riga, Latvia"]
[Date "2022.06.15"]
[Round "6.6"]
[White "Merzlovs, Timurs"]
[Black "Aleksejevs, Daniils"]
[Result "0-1"]
[TimeControl "3600+30"]
[WhiteElo "1152"]
[BlackElo "1197"]

1. e4 c5 2. f4 e6 3. Nf3 a6 4. d3 d6 5. Be2 Be7 6. O-O Nf6 7. Nbd2 b5 8. e5 Nd5 9. Ne4 Bb7 10.
b3 O-O 11. Qd2 Qc7 12. Bb2 Nd7 13. Kh1 Rac8 14. a3 dxe5 15. Nxe5 Rfd8 16. Rf3 N7f6 17. Nxf6+ Bxf6 18. Rff1 Ne7 19.
Qe3 Nf5 20. Qf2 Qe7 21. Bf3 Bh4 22. g3 Bf6 23. Bxb7 Qxb7+ 24. Qf3 Qxf3+ 25. Rxf3 c4 26. dxc4 bxc4 27. b4 Rd2 28. Rc3 Bxe5 29.
fxe5 Nd4 30. a4 h6 31. b5 axb5 32. axb5 Nxb5 33. Rf3 Rxc2 34. Ba3 Ra8 0-1

[Event "Latvijas 2022. gada jauniešu čempionāta fināls"]
[Site "Riga, Latvia"]
[Date "2022.06.15"]
[Round "6.7"]
[White "Mierina, Lauma"]
[Black "Maklakova, Naomi"]
[Result "0-1"]
[TimeControl "3600+30"]
[WhiteElo "1195"]
[BlackElo "1488"]

1. e4 e5 2. Nf3 Nc6 3. d4 exd4 4. Nxd4 Nf6 5. Nc3 Bb4 6. Nxc6 bxc6 7. Bd3 O-O 8. O-O d5 9. exd5 cxd5 10.
Bg5 c6 11. Qf3 Be7 12. h3 Be6 13. Rfe1 Rb8 14. Rab1 h6 15. Bh4 Rb4 16. Bg3 d4 17. Ne4 Bxa2 18. Ra1 Bd5 19. Nxf6+ Bxf6 20.
Qf5 g6 21. Qf4 Bg7 22. Rxa7 Rxb2 23. h4 h5 24. Qc1 Qb6 25. Rae7 c5 26. Bc7 Qb4 27. Bd6 Ra2 28. Rc7 Qb6 29.
Bxf8 Qxc7 30. Bxg7 Kxg7 31. Qg5 Be6 32. f3 Qd6 33. Be4 c4 34. Qb5 Qg3 35. Rf1 Bh3 36. Qg5 Qxg5 37. hxg5 Bf5 38.
Bd5 Rxc2 39. g4 Bd3 40. Rd1 Re2 41. gxh5 gxh5 42. f4 h4 43. f5 Re5 44. f6+ Kg6 45. Bf3 Rxg5+ 46. Kh2 Kxf6 47.
Rc1 c3 0-1

[Event "Latvijas 2022. gada jauniešu čempionāta fināls"]
[Site "Riga, Latvia"]
[Date "2022.06.15"]
[Round "6.9"]
[White "Ozolina, Elina"]
[Black "Ter-Avetisjana, Agnesa Stepania"]
[Result "0-1"]
[TimeControl "3600+30"]
[WhiteElo "1057"]
[BlackElo "2006"]

1. e4 c6 2. d4 d5 3. exd5 cxd5 4. Bd3 Nc6 5. c3 Qc7 6. h3 g6 7. Nf3 Bf5 8. O-O Bxd3 9. Qxd3 Bg7 10.
Re1 Nf6 11. Nbd2 O-O 12. Nf1 Rfe8 13. Bg5 Ne4 14. Qe3 Na5 15. N1d2 Nxg5 16. Qxg5 Rad8 17. Rad1 b5 18. Re2 Nc4 19.
Nb3 a5 20. Nc5 e5 21. b3 exd4 22. Rxe8+ Rxe8 23. cxd4 Nb6 24. Rd2 Qd6 25. Qg3 Qe7 26. Kf1 Bxd4 27. Rxd4 Qxc5 28. Qf4 Qc6 29.
Ne5 Qe6 30. Nf3 Nd7 31. Kg1 Nf6 32. Ng5 Qe1+ 33. Kh2 Qe5 34. Qxe5 Rxe5 35. Nf3 Re2 36. Rf4 Kg7 37. Nd4 Rxa2 38. Nxb5 Rb2 39. Nd4 Ne4 40.
f3 Nc5 41. Nc6 Nd3 42. Rg4 h5 43. Rg5 Nf4 44. Nxa5 f6 45. Rg3 Ne2 0-1

[Event "Latvijas 2022. gada jauniešu čempionāta fināls"]
[Site "Riga, Latvia"]
[Date "2022.06.15"]
[Round "6.10"]
[White "Jansone, Melanija Luize"]
[Black "Krasilnikova, Marija"]
[Result "1-0"]
[TimeControl "3600+30"]
[WhiteElo "1590"]
[BlackElo "1300"]

1. e4 e5 2. Nf3 Nc6 3. d4 exd4 4.
Nxd4 Bc5 5. Nf5 Qf6 6. Nc3 Nge7 7. Ne3 O-O 8. Be2 Nd4 9. Bd3 d6 10. O-O a6 11. Kh1 Ng6 12. f4 c6 13.
e5 Qe7 14. Ne4 dxe5 15. f5 Nf4 16. f6 gxf6 17. g3 Nxd3 18. Nxf6+ Kg7 19. Qh5 Bf5 20. Nxf5+ Nxf5 21. Qxh7+ Kxf6 22.
Qxf5+ Kg7 23. Qg4+ Kh8 24. Qh5+ Kg8 25. cxd3 Rfc8 26. Bg5 Qd7 27. Bf6 1-0

[Event "Latvijas 2022. gada jauniešu čempionāta fināls"]
[Site "Riga, Latvia"]
[Date "2022.06.15"]
[Round "6.17"]
[White "Jeronovics, Toms"]
[Black "Tolmacevs, Romans"]
[Result "1/2-1/2"]
[TimeControl "3600+30"]
[WhiteElo "1273"]
[BlackElo "1466"]

1. e4 c6 2. d4 d5 3. e5 Bf5 4. Nf3 e6 5. Be2 Nd7 6. O-O Ne7 7. Nbd2 Rc8 8. c4 Ng6 9. g3 Be7 10.
h4 Bg4 11. Kg2 c5 12. cxd5 exd5 13. Qb3 Nb6 14. Bb5+ Bd7 15. h5 Nf8 16. a4 Ne6 17. a5 c4 18. Bxd7+ Qxd7 19. Qc2 Na8 20.
Nb1 Nac7 21. Nc3 Na6 22. Na2 Qb5 23. Bd2 h6 24. Bc3 O-O 25. Nd2 Rc7 26. f4 Nd8 27. Nb1 Qe8 28. Qf5 Nc6 29.
Nd2 Qc8 30. Qxc8 Rfxc8 31. Nf3 Nab4 1/2-1/2

[Event "Latvijas 2022. gada jauniešu čempionāta fināls"]
[Site "Riga, Latvia"]
[Date "2022.06.15"]
[Round "6.18"]
[White "Steiners, Emils"]
[Black "Valdats, Reinis"]
[Result "0-1"]
[TimeControl "3600+30"]
[WhiteElo "1601"]
[BlackElo "1488"]

1. e4 c5 2. d4 cxd4 3. c3 dxc3 4. Nxc3 Nc6 5. Nf3 e6 6. Bc4 a6 7. O-O Nge7 8. Re1 b5 9. Bb3 Ng6 10.
e5 Be7 11. Bc2 Bb7 12. b3 O-O 13. Bxg6 hxg6 14. h4 d6 15. Qe2 Nxe5 16. Nxe5 dxe5 17. h5 gxh5 18. Qxh5 Qd4 19. Bb2 Qh4 20.
Qxe5 Qg5 21. Qh2 Bf6 22. Re3 g6 23. Rae1 Kg7 24. Ne4 Bxe4 25. Bxf6+ Qxf6 26. Rxe4 Rh8 27. Qe5 Qxe5 28. Rxe5 Rac8 29.
a4 bxa4 30. bxa4 Kf6 31. g3 Rhd8 32. Kg2 Rd5 33. R5e4 e5 34. Rb4 Rc6 35. Reb1 Ke6 36. Rb6 Rxb6 37. Rxb6+ Rd6 38. Rb7 e4 39.
Kf1 f5 40. Ke2 Kd5 41. f3 Re6 42. fxe4+ Rxe4+ 43. Kf3 g5 44. a5 g4+ 45. Kf2 Ra4 46. Ke3 Rxa5 47. Kf4 Kd4 48. Rb6 Kc5 49.
Rf6 Kb4 50. Rb6+ Kc4 51. Rc6+ Kb5 52. Rf6 Kc4 53. Rc6+ Kd3 54. Rb6 Kd2 55. Rb2+ Kc1 56. Rb6 Kd2 57. Rb2+ Ke1 58. Rb1+ Kf2 59.
Rb2+ Kg1 60. Rb6 Kh2 61. Rb3 Rb5 62. Ra3 a5 63. Ra2+ Kh3 64. Ra3 Rb4+ 65. Kxf5 a4 66. Kg5 Rb3 67.
Rxa4 Rxg3 68. Kh5 Rg2 69. Rb4 Rg1 70. Rb3+ g3 71. Kg5 Rf1 72. Kh5 Rf5+ 73. Kg6 Ra5 74. Rc3 Kh2 75. Rc2+ g2 76.
Rd2 Kh1 77. Rd1+ g1=Q+ 0-1

[Event "Latvijas 2022. gada jauniešu čempionāta fināls"]
[Site "Riga, Latvia"]
[Date "2022.06.15"]
[Round "6.19"]
[White "Germanovs, Georgijs"]
[Black "Francs, Marats"]
[Result "1/2-1/2"]
[TimeControl "3600+30"]
[WhiteElo "1750"]
[BlackElo "1882"]

1. d4 Nf6 2. Nf3 e6 3. Bf4 b6 4. e3 Bb7 5. Nbd2 Nh5 6. Bg5 Be7 7. Bxe7 Qxe7 8. Bd3 f5 9. c4 O-O 10.
Qc2 c5 11. dxc5 Qxc5 12. O-O-O Nc6 13. Nb3 Qe7 14. Qd2 Nb4 15. a3 Nxd3+ 16. Qxd3 d5 17. Kb1 dxc4 18. Qxc4 Rac8 19. Qb5 Nf6 20.
Qe5 Ng4 21. Qg3 Be4+ 22. Ka2 e5 23. Nbd2 Bd5+ 24. Ka1 h5 25. Nh4 Qf6 26. h3 Nh6 27. Nb1 Bf7 28. Rd7 Qe6 29. Rxf7 Rxf7 30.
Ng6 Rf6 31. Nxe5 Nf7 32. Nf3 Qe4 33. Rd1 f4 34. Qh4 Qg6 35. exf4 Rfc6 36. Qe7 Qxg2 37. Nd4 Rd6 38. Qe3 Rcd8 39.
Rd2 Qg6 40. Nf3 Rxd2 41. Nbxd2 Qc6 42. Qe7 Qd6 43. Qxa7 Rc8 44. Qa4 Qe6 45. Qb5 Qxh3 46. Qd5 Rd8 47. Qb3 Qf5 48. Qxb6 Qxf4 49.
Qe6 h4 50. Ka2 Kh8 51. Qg6 Rd5 52. Qe6 Rd6 53. Qc8+ Kh7 54. Qc2+ Rg6 55. Qd3 Ne5 56. Nxe5 Qxe5 57. Nf3 Qh5 58.
Ng1 Qg5 59. Nh3 Qf6 60. Ka1 Kh8 61. Qe4 Qd6 62. Qe8+ Kh7 63. Qe4 Qd1+ 64. Ka2 Qg4 65. Nf4 h3 66. f3 Qg3 67. Nxg6 Qxg6 68.
Qh4+ Qh6 69. Qe4+ g6 70. Qe7+ 1/2-1/2

[Event "Latvijas 2022. gada jauniešu čempionāta fināls"]
[Site "Riga, Latvia"]
[Date "2022.06.15"]
[Round "6.20"]
[White "Karasevics, Aleksandrs"]
[Black "Aleidzans, Vadims"]
[Result "1-0"]
[TimeControl "3600+30"]
[WhiteElo "1427"]
[BlackElo "1367"]

1. e4 e5 2. Nf3 Nc6 3. Bb5 a6 4. Ba4 Nf6 5. O-O Be7 6. d3 b5 7. Bb3 d6 8. h3 Na5 9. a4 Nxb3 10.
cxb3 Bb7 11. Re1 O-O 12. Bg5 h6 13. Bh4 Qd7 14. Bg3 c5 15. Na3 Nh7 16. Nh4 Bxh4 17. Bxh4 f5 18. f3 g5 19.
Bf2 f4 20. axb5 axb5 21. b4 Rfc8 22. bxc5 dxc5 23. Qb3+ Kf8 24. Qxb5 Qxb5 25. Nxb5 Ba6 26. Nd6 Rc6 27. Nc4 Re8 28.
Bxc5+ Rxc5 29. Rxa6 Rd8 30.
Rxh6 Rxd3 31. Nxe5 Rd2 32. Kh2 Rcc2 33. Rg1 g4 34. hxg4 Ng5 35. Rf6+ Ke7 36. Rxf4 1-0

[Event "Latvijas 2022. gada jauniešu čempionāta fināls"]
[Site "Riga, Latvia"]
[Date "2022.06.15"]
[Round "6.21"]
[White "Krasilnikovs, Aleksandrs"]
[Black "Zajakins, Artjoms"]
[Result "0-1"]
[TimeControl "3600+30"]
[WhiteElo "1339"]
[BlackElo "1596"]

1. d4 Nf6 2. Nf3 g6 3. g3 Bg7 4. Bg2 O-O 5. O-O d5 6. c4 c6 7. Nc3 dxc4 8. Ne5 Ng4 9. Nxg4 Bxg4 10.
d5 cxd5 11. Bxd5 Bxc3 12. bxc3 Bxe2 13. Bxf7+ Kxf7 14. Qxe2 Qd3 15. Qe3 Qxe3 16. Bxe3 Nc6 17. Rad1 Rfd8 18. f4 e6 19. a4 b6 20.
Kf2 Rd5 21. Rd2 Rxd2+ 22. Bxd2 Rd8 23. Ke2 Rd5 24. g4 Ra5 25. h4 h5 26. g5 Rxa4 27. Rb1 Ra5 28. Be3 Rd5 29. Kf3 b5 30.
Ra1 a5 31. Ke4 Ke7 32. Bb6 b4 33. cxb4 axb4 34. Rc1 c3 35. Be3 Kd6 36. Rb1 c2 37. Rb2 Rd4+ 38. Bxd4 c1=Q 39. Be5+ Nxe5 40.
fxe5+ Kc5 0-1

[Event "Latvijas 2022. gada jauniešu čempionāta fināls"]
[Site "Riga, Latvia"]
[Date "2022.06.15"]
[Round "6.22"]
[White "Tabors, Emils"]
[Black "Otrohovs, Maksims"]
[Result "1-0"]
[TimeControl "3600+30"]
[WhiteElo "1813"]
[BlackElo "1098"]

1. d4 Nf6 2. c4 e6 3. Nc3 Bb4 4. e3 O-O 5. Nge2 Re8 6. a3 Bf8 7. Nf4 d5 8. cxd5 exd5 9. Bd3 Qd6 10.
O-O c6 11. f3 g5 12. Nfe2 h5 13. e4 dxe4 14. Nxe4 Nxe4 15. fxe4 Bg4 16. Bc4 Rxe4 17. Qd2 Bg7 18. Rxf7 Be6 19.
Rxg7+ Kxg7 20. Qxg5+ Kf8 21. Qf6+ Kg8 22. Qg6+ Kf8 23. Bh6+ 1-0